 Dungeon Crawl Stone Soup version 0.18.1-47-g9310371 (webtiles) character file.

37 Firecrotchwizard the Cudgeler (level 3, -1/33 HPs)
             Began as a Minotaur Berserker on June 14, 2016.
             Was a Follower of Trog.
             Slain by Sigmund
             ... wielding a +2 scythe of venom
              (11 damage)
             ... on level 3 of the Dungeon.
             The game lasted 00:07:06 (1681 turns).

Firecrotchwizard the Cudgeler (Minotaur Berserker)  Turns: 1681, Time: 00:07:06

Health: -1/33      AC:  3    Str: 21    XL:     3   Next: 21%
Magic:  2/2        EV: 12    Int:  4    God:    Trog [*.....]
Gold:   106        SH:  0    Dex: 10    Spells: 0 memorised, 2 levels left

rFire  . . .     SeeInvis .     a - +0 mace
rCold  . . .     Gourm    .     k - +0 leather armour (curse)
rNeg   . . .     Faith    .     (no shield)
rPois  .         Spirit   .     (helmet restricted)
rElec  .         Dismiss  .     (no cloak)
rCorr  .         Reflect  .     (no gloves)
SustAt .         Harm     .     (no boots)
MR     .....                    (no amulet)
Stlth  +.........               (no ring)
                                (no ring)

@: lethally poisoned (-1 -> -22), not resistant to hostile enchantments, very
unstealthy
A: retaliatory headbutt, horns 2
a: Berserk, Burn Spellbooks, Renounce Religion


You were on level 3 of the Dungeon.
You worshipped Trog.
Trog was aware of your devotion.
You were not hungry.

You visited 1 branch of the dungeon, and saw 3 of its levels.

You collected 106 gold pieces.

Inventory:

Hand Weapons
 a - a +0 mace (weapon)
Armour
 b - a +0 animal skin
 k - a cursed +0 leather armour (worn)
 l - a +0 scale mail
 q - a +2 robe of the Archmagi
Scrolls
 d - 3 scrolls of identify {unknown}
 g - a scroll of noise {unknown}
 h - 4 scrolls of enchant weapon {unknown}
 j - 3 scrolls of fog {unknown}
 m - 3 scrolls of fear {unknown}
 n - a scroll of teleportation {unknown}
 s - a scroll of magic mapping {unknown}
Potions
 e - a potion of resistance {unknown}
 f - a potion of invisibility {unknown}
 i - a potion of berserk rage {unknown}
 o - 2 potions of heal wounds {unknown}
 p - a potion of brilliance {unknown}
 r - a potion of agility {unknown}
 t - 2 potions of degeneration {unknown}
 u - a potion of lignification {unknown}
 w - a potion of haste {unknown}
Comestibles
 c - 2 bread rations
 v - a royal jelly


   Skills:
 + Level 4.2 Fighting
 + Level 4.2 Maces & Flails
 + Level 2.7 Armour
 + Level 2.6 Dodging


You had 2 spell levels left.
You didn't know any spells.

Dungeon Overview and Level Annotations

Branches:
Dungeon (3/15)

Altars:
Ashenzari
Elyvilon
Kikubaaqudgha
Vehumet

Annotations:
D:3 Sigmund


Innate Abilities, Weirdness & Mutations

You reflexively headbutt those who attack you in melee.
You have a pair of horns on your head.


Message History

You barely miss something.
You hear some strange, mumbled words.
A magic dart appears from out of thin air!
The magic dart hits you! Something hits you but does no damage.
You are poisoned.
You hit something. Your headbutt misses something.
You feel sick.
You miss something. Your headbutt misses something. Something hits you.
You are more poisoned.
You barely miss something. Your headbutt misses something.
You feel sick. Something hits you but does no damage.
You barely miss something. You headbutt something.
You feel sick. Something hits you.
You are more poisoned.
You can no longer call upon Trog for regeneration and protection from hostile enchantments.
You barely miss something. You headbutt something.
You feel very sick.
You hear some strange, mumbled words.
Something tries to affect you, but you resist.
You miss something. You headbutt something.
You feel sick. Something hits you!
You die...

###
########################
...
........................
...
.......>################
.. ................ #.
#######.#######.
.#+#####.# #..
.........####### ...
........@{.....# ##.
.........#####.#
.#+#####.# # ..# # ### #
# # #


There were no monsters in sight!

Vanquished Creatures
  An adder (D:3)
  2 giant geckos (D:1)
  A giant cockroach (D:2)
  3 goblins
  4 hobgoblins
  2 ball pythons
  5 bats
  A giant newt (D:3)
  4 kobolds
  A rat (D:1)
24 creatures vanquished.

Vanquished Creatures (others)
  A giant gecko (D:2)
1 creature vanquished.

Grand Total: 25 creatures vanquished

Notes
Turn   | Place    | Note
--------------------------------------------------------------
     0 | D:1      | Firecrotchwizard the Minotaur Berserker began the quest for the Orb.
     0 | D:1      | Reached XP level 1. HP: 19/19 MP: 0/0
   279 | D:1      | Reached XP level 2. HP: 22/27 MP: 1/1
   839 | D:2      | Found a white marble altar of Elyvilon.
   852 | D:2      | Found an ancient bone altar of Kikubaaqudgha.
   923 | D:2      | Found a shattered altar of Ashenzari.
  1078 | D:2      | Found a radiant altar of Vehumet.
  1278 | D:3      | Reached XP level 3. HP: 33/33 MP: 2/2
  1420 | D:3      | Reached ** piety under Trog
  1670 | D:3      | Noticed Sigmund
  1681 | D:3      | Slain by Sigmund

Skill      XL: |  1  2 |
---------------+-------+-----
Fighting       | 4 |  4.2
Maces & Flails | 4 |  4.2
Armour         | |  2.7
Dodging        | |  2.6

Action                   || total
-------------------------++-------
Melee: Mace              ||    42
       Headbutt          ||     8
  Eat: Chunk             ||     2
Armor: Animal skin       ||     3
       Leather armour    ||     6
Dodge: Dodged            ||    36
